 Dungeon Crawl Stone Soup version 0.31.0-32-g396128a36d (webtiles) character file.

Game seed: 6337378309014021132

1365 kaosmaskin the Cleaver (level 8, 0/70 HPs)
             Began as a Minotaur Fighter on Mar 25, 2024.
             Slain by a steam dragon (4 damage)
             ... on level 6 of the Dungeon.
             The game lasted 00:55:03 (5450 turns).

kaosmaskin the Cleaver (Minotaur Fighter)           Turns: 5450, Time: 00:55:04

Health: 0/70       AC: 11    Str: 23    XL:     8   Next: 38%
Magic:  7/7        EV:  9    Int:  5    God:
Gold:   445        SH:  5    Dex: 10    Spells: 7/7 levels left

rFire   . . .        a - +1 war axe (spect)
rCold   . . .        c - +0 buckler
rNeg    . . .        k - +1 chain mail
rPois   +            (helmet restricted)
rElec   .            (no cloak)
rCorr   .            (no gloves)
SInv    .            (no boots)
Will    +....        (no amulet) Stlth
                     j - ring of willpower
HPRegen 0.31/turn    h - ring of poison resistance
MPRegen 0.10/turn

%: no passive effects
@: no status effects
A: horns 2, retaliatory headbutt
a: no special abilities


You were on level 6 of the Dungeon.
You visited 1 branch of the dungeon, and saw 6 of its levels.

You collected 445 gold pieces.

Inventory:

Hand Weapons
 a - a +1 spectral war axe (weapon)
Armour
 b - a +0 scale mail
 c - a +0 buckler (worn)
 k - a +1 chain mail (worn)
Jewellery
 h - a ring of poison resistance (right hand)
 j - a ring of willpower (left hand)
 l - a ring of flight
Wands
 d - a wand of paralysis (8)
 f - a wand of digging (8)
Scrolls
 e - 2 scrolls of identify
 i - 3 scrolls of blinking
 m - a scroll of enchant weapon
 o - a scroll of teleportation
 r - 2 scrolls of vulnerability
Potions
 g - a potion of enlightenment
 n - a potion of curing
 p - a potion of lignification
 s - 2 potions of haste


   Skills:
 + Level 5.9 Fighting
 + Level 8.3 Axes
 + Level 7.4 Armour
 + Level 1.8 Dodging
 + Level 1.6 Stealth
 + Level 4.9 Shields


You had 7 spell levels left.
You didn't know any spells.
Your spell library contained the following spells:

 Spells                   Type           Power      Damage    Failure   Level
 Apportation              Tloc           0%         N/A       97%         1
 Necrotise                Necr           0%         1d4       97%         1
 Sting                    Conj/Alch      0%         1d3       97%         1
 Summon Small Mammal      Summ           0%         N/A       97%         1
 Tukima's Dance           Hex            0%         N/A       100%        3
 Dimensional Bullseye     Hex/Tloc       0%         N/A       100%        4
 Iskenderun's Mystic Bla  Conj/Tloc      0%         2d3       100%        4


Dungeon Overview and Level Annotations

Branches:
Dungeon (6/15)
 Temple: D:4-7

Altars:
Ashenzari
Cheibriados
Dithmenos
Fedhas
Hepliaklqana
Kikubaaqudgha
Makhleb
Sif Muna
Trog

Shops:
D:3 (

Annotations:
D:5 1 runed translucent door, Crazy Yiuf


Innate Abilities, Weirdness & Mutations

You have a pair of horns on your head.
You reflexively headbutt those who attack you in melee.


Message History

The steam dragon claws you but does no damage.
The kobold brigand is engulfed in a cloud of scalding steam.
The kobold brigand hits you but does no damage.
You are too injured to fight recklessly!
You are too injured to fight recklessly!
You are too injured to fight recklessly!
You closely miss the steam dragon. You headbutt the steam dragon!
The steam dragon is moderately wounded.
You hit the kobold brigand.
Your +1 spectral war axe hits the steam dragon.
Your +1 spectral war axe barely misses the kobold brigand.
Your +1 spectral war axe hits the kobold brigand!
Your +1 spectral war axe hits the steam dragon!
The steam dragon closely misses your +1 spectral war axe.
The steam dragon claws your +1 spectral war axe.
Your spectral weapon shares its damage with you!
* * * LOW HITPOINT WARNING * * *
The kobold brigand hits your +1 spectral war axe but does no damage.
Your +1 spectral war axe disappears.
The steam dragon breathes steam at you. The ball of steam misses you.
The steam dragon bites you but does no damage.
The steam dragon claws you but does no damage.
The kobold brigand hits you with a +0 dagger.
* * * LOW HITPOINT WARNING * * *
You hit the steam dragon but do no damage.
You headbutt the steam dragon.
The steam dragon is almost dead.
You hit the kobold brigand.
Your +1 spectral war axe barely misses the steam dragon.
Your +1 spectral war axe misses the kobold brigand.
Your +1 spectral war axe completely misses the kobold brigand.
Your +1 spectral war axe completely misses the steam dragon.
The steam dragon breathes steam at you. The ball of steam hits you!
* * * LOW HITPOINT WARNING * * *
The kobold brigand hits you with a +0 dagger.
* * * LOW HITPOINT WARNING * * *
The steam dragon bites you.
You die...

....# #.# #.<.# #.
#.# #...# #.# #.#
##### .. #.# ### #.#
#.# ..#######
#..##§#
#.......####..#§#
......#....##.#§####
#####....!....§D@§§#
# ######.))>.K(...#
# #............# #
#.........(..# #
#............#
##..........##
##...##...##
##########


You could see a steam dragon (catching breath), a kobold brigand and a friendly
+1 spectral war axe.

Vanquished Creatures
  A steam dragon (D:6)
  A water moccasin (D:6)
  An ice beast (D:5)
  A black bear (D:6)
  Blork the orc (D:4)
  A bullfrog (D:6)
  3 jellies
  5 orc priests (D:5)
  3 hounds
  Natasha (thrice) (D:3)
  6 iguanas
  An orc wizard (D:4)
  4 gnolls (D:4)
  8 adders
  A shadow imp (D:5)
  A dart slug (D:3)
  A ribbon worm (D:2)
  20 orcs
  3 bats
  9 endoplasms
  2 hobgoblins
  6 jackals
  10 kobolds
  6 quokkas
  5 ball pythons
  4 frilled lizards
  6 goblins
  9 rats
122 creatures vanquished.

Vanquished Creatures (others)
  3 kobolds (D:6)
3 creatures vanquished.

Grand Total: 125 creatures vanquished

Notes
Turn   | Place    | Note
-------+----------+-------------------------------------------
     0 | D:1      | kaosmaskin the Minotaur Fighter began the quest for the
                  | Orb.
     0 | D:1      | Reached XP level 1. HP: 19/19 MP: 0/0
   230 | D:1      | Reached XP level 2. HP: 26/27 MP: 1/1
   604 | D:2      | Reached XP level 3. HP: 34/34 MP: 2/2
   759 | D:3      | Reached skill level 3 in Axes
   865 | D:3      | Noticed Natasha
   870 | D:3      | Found Heub's Antique Weapon Shoppe.
   877 | D:3      | Killed Natasha
   878 | D:3      | Reached skill level 1 in Dodging
   878 | D:3      | Reached XP level 4. HP: 31/41 MP: 3/3
   908 | D:3      | Noticed Natasha
   914 | D:3      | Killed Natasha
  1028 | D:3      | Noticed Natasha
  1034 | D:3      | Killed Natasha
  1044 | D:3      | Found a hazy altar of Hepliaklqana.
  1147 | D:3      | Reached XP level 5. HP: 43/47 MP: 4/4
  1364 | D:2      | Found an ancient bone altar of Kikubaaqudgha.
  1446 | D:2      | Reached skill level 4 in Axes
  2656 | D:3      | Found a shadowy altar of Dithmenos.
  2658 | D:3      | Found a snail-covered altar of Cheibriados.
  2660 | D:3      | Found a bloodstained altar of Trog.
  3143 | D:4      | Found a shimmering blue altar of Sif Muna.
  3150 | D:4      | Reached skill level 5 in Armour
  3518 | D:4      | Found a blossoming altar of Fedhas.
  3697 | D:4      | Found an ancient bone altar of Kikubaaqudgha.
  3718 | D:4      | Found a broken altar of Ashenzari.
  3720 | D:4      | Reached XP level 6. HP: 53/53 MP: 5/5
  3817 | D:5      | Entered Level 5 of the Dungeon
  3884 | D:5      | Noticed an ice beast
  3894 | D:5      | Reached skill level 5 in Axes
  3896 | D:5      | Killed an ice beast
  3997 | D:5      | Reached skill level 5 in Fighting
  4001 | D:5      | Noticed Blork the orc
  4034 | D:4      | Killed Blork the orc
  4184 | D:5      | Reached XP level 7. HP: 31/57 MP: 6/6
  4280 | D:5      | Reached skill level 1 in Stealth
  4312 | D:5      | Reached skill level 6 in Axes
  4708 | D:5      | Reached skill level 7 in Axes
  4984 | D:5      | Found a runed translucent door.
  4991 | D:5      | Noticed Crazy Yiuf
  5157 | D:6      | Reached XP level 8. HP: 53/70 MP: 7/7
  5278 | D:6      | Reached skill level 8 in Axes
  5293 | D:6      | Found a burning altar of Makhleb.
  5450 | D:6      | Slain by a steam dragon

Illustrated notes

Levels and vault maps discovered:
D:1:      giann_horns, layout_basic, ebering_dispersal_statue_hall,
          hangedman_abyss_or_decor_stabs
D:2:      layout_loops_corners, basic_altar, grunt_decor_arrowhead
D:3:      layout_rooms, mainiacjoe_overflow_24_doors,
          nicolae_overflow_hidden_temple, serial_shops, shop, uniq_natasha
D:4:      layout_loops_ring, mainiacjoe_overflow_big_doors, fedhas_altar_4,
          nicolae_sif_muna_condensation, minmay_liquid_box,
          minmay_close_crescents
D:5:      layout_cave_pools, uniq_blork_the_orc, uniq_crazy_yiuf_cottage
D:6:      layout_rooms, eat_drink_and_be_merry_uskayaw,
          mainiacjoe_overflow_boulevard, minmay_temple_entry_junction

Skill      XL: |  1  2  3  4  5  6  7  8 |
---------------+-------------------------+-----
Fighting       | 4 5 |  5.9
Shields        | 4 |  4.9
Axes           | 3 4 5 7 8 |  8.3
Armour         | 4 5 6 7 |  7.4
Dodging        | 1 |  1.8
Stealth        | 1 |  1.6

Action                     |  1- 3 |  4- 6 |  7- 9 || total
---------------------------+-------+-------+-------++-------
  Melee: War axe           |    75 |    92 |    49 ||   216
         Headbutt          |     6 |    17 |    11 ||    34
  Evoke: Wand              |       |       |     1 ||     1
    Use: Scroll            |       |    15 |     2 ||    17
         Potion            |       |     3 |     1 ||     4
   Stab: Paralysed         |       |       |     1 ||     1
 Armour: Scale mail        |    39 |       |       ||    39
         Chain mail        |    23 |    65 |    65 ||   153
  Dodge: Dodged            |    27 |    34 |    29 ||    90
  Block: Buckler           |    16 |    25 |     7 ||    48
